 Dungeon Crawl Stone Soup version 0.21.0 (webtiles) character file.

116 Miyamura the Digger (level 5, -3/38 HPs)
             Began as a Human Earth Elementalist on Jan 6, 2018.
             Splashed by Ijyb's acid (12 damage)
             ... on level 3 of the Dungeon.
             The game lasted 00:10:49 (3762 turns).

Miyamura the Digger (Human Earth Elementalist)      Turns: 3762, Time: 00:10:50

Health: -3/38      AC: -2    Str:  9    XL:     5   Next: 20%
Magic:  8/9        EV: 13    Int: 15    God:
Gold:   59         SH:  0    Dex: 14    Spells: 5/9 levels left

rFire    . . .     SeeInvis .   k - +1 dagger (venom)
rCold    . . .     Gourm    .   (no shield)
rNeg     . . .     Faith    .   c - +0 robe
rPois    .         Spirit   .   (no helmet)
rElec    .         Reflect  .   (no cloak)
rCorr    .         Harm     .   (no gloves)
MR       .....                  (no boots)
Stlth    ++........             (no amulet)
HPRegen  0.12/turn              (no ring)
MPRegen  0.11/turn              (no ring)

@: corroded
A: no striking features
a: no special abilities


You were on level 3 of the Dungeon.
You were hungry.

You visited 1 branch of the dungeon, and saw 3 of its levels.

You collected 59 gold pieces.

Inventory:

Hand Weapons
 k - a +1 dagger of venom (weapon)
Missiles
 b - 108 stones (quivered)
Armour
 c - a +0 robe (worn)
 j - a +0 buckler
Scrolls
 g - a scroll of immolation {unknown}
 h - a scroll of amnesia
 l - a scroll of teleportation
 m - a scroll of magic mapping {unknown}
 n - a scroll of enchant weapon {unknown}
 o - a scroll of random uselessness {unknown}
 p - a scroll of noise {unknown}
 r - a scroll of identify
Potions
 a - 3 potions of curing
 i - a potion of heal wounds
 q - 2 potions of flight {unknown}
Books
 e - a book of Geomancy

   Spells                             Type                      Level
   a - Sandblast                      Earth                        1
   b - Passwall                       Transmutation/Earth          2
   c - Stone Arrow                    Conjuration/Earth            3
   d - Petrify                        Transmutation/Earth          4
   e - Lee's Rapid Deconstruction     Earth                        5
Comestibles
 d - 7 rations


   Skills:
 + Level 1.9 Fighting
 + Level 3.0 Dodging
 - Level 2.0 Stealth
 + Level 2.8 Spellcasting
   Level 1.0 Transmutations
 + Level 3.7 Earth Magic


You had 5 spell levels left.
You knew the following spells:

 Your Spells              Type           Power        Failure   Level  Hunger
a - Stone Arrow           Conj/Erth      #.....       28%         3    ###....
b - Sandblast             Erth           ##....       4%          1    #......


Dungeon Overview and Level Annotations

Branches:
Dungeon (3/15)

Altars:
Ashenzari

Annotations:
D:3 Gobbopathe's ghost, weakling VSTm; Grinder; Ijyb


Message History

Casting: Sandblast
Confirm with . or Enter, or press ? or * to list all spells.
You can't see any susceptible monsters within range! (Use Z to cast anyway.) Unknown command.
Casting: Sandblast
Confirm with . or Enter, or press ? or * to list all spells.
Aiming: Sandblast
Press: ? - help, Shift-Dir - straight line, f - Ijyb
Aim: Ijyb, wielding a dagger, wearing a leather armour and carrying a wand of acid (8)
The blast of sand misses Ijyb.
b - 108 stones Ijyb zaps a wand.
The bolt of acid hits you! The acid corrodes you!
You are splashed with acid!
The acid burns!
You feel better.
Ijyb zaps a wand.
The bolt of acid hits you!
* * * LOW HITPOINT WARNING * * *
You are splashed with acid!
The acid burns!
You die...

##.# #.# ######### #.#
#.......# ##.#### #.#####.#
......####.# #.#
#####......# #.# # #.######
#.# # #.# #.# # #.# #@#
#####.# #...# ......#
#.#.... ... ###.#####
###g##..#.... #.# ..
...###..... ##%# ###.# .#
#.#.##... #.#.# .##.## .#
#.'8.##.##.8'. .....# .#
#.#...#'#...#
.##..##.########(##...'...#


You could see Ijyb.

Vanquished Creatures
  3 adders
  A worm (D:3)
  6 dart slugs
  2 leopard geckos (D:2)
  5 orcs (D:3)
  2 giant cockroaches
  7 goblins
  10 hobgoblins
  6 jackals
  6 bats
  4 frilled lizards
  7 kobolds
  3 rats
62 creatures vanquished.

Notes
Turn   | Place    | Note
-------+----------+-------------------------------------------
     0 | D:1      | Miyamura the Human Earth Elementalist began the quest for the Orb.
     0 | D:1      | Reached XP level 1. HP: 13/13 MP: 3/3
    87 | D:1      | Reached XP level 2. HP: 8/20 MP: 1/5
   661 | D:1      | Reached XP level 3. HP: 16/25 MP: 6/6
  1021 | D:1      | Learned a level 3 spell: Stone Arrow
  1082 | D:2      | Reached skill level 1 in Fighting
  1778 | D:2      | Reached XP level 4. HP: 25/32 MP: 2/7
  2196 | D:3      | Noticed Grinder
  2236 | D:3      | Noticed Ijyb
  2960 | D:3      | Paralysed by Grinder for 7 turns
  3158 | D:3      | Reached XP level 5. HP: 19/38 MP: 5/9
  3370 | D:3      | Noticed Gobbopathe's ghost (weakling VSTm)
  3623 | D:3      | Found a shattered altar of Ashenzari.
  3762 | D:3      | Splashed by Ijyb's acid

Skill      XL: |  1  2  3  4  5 |
---------------+----------------+-----
Fighting       | 1 |  1.9
Dodging        | 3 |  3.0
Stealth        | |  2.0
Spellcasting   | |  2.8
Transmutations | |  1.0
Earth Magic    | |  3.7

Action                   |  1- 3 |  4- 6 || total
-------------------------+-------+-------++-------
Melee: Unarmed           |    16 |       ||    16
       Dagger            |    40 |    92 ||   132
 Cast: Sandblast         |    23 |    27 ||    50
  Use: Scroll            |     2 |     2 ||     4
       Potion            |       |     2 ||     2
 Stab: Sleeping          |       |     2 ||     2
  Eat: Chunk             |     3 |     6 ||     9
Armor: Robe              |    21 |    13 ||    34
Dodge: Dodged            |    64 |    68 ||   132
